 Dungeon Crawl Stone Soup version 0.18-a0-946-g3ac5b32 (webtiles) character file.

60743 Gorice the Destroyer (level 14, -2/75 HPs)
             Began as a Felid Wanderer on Dec 28, 2015.
             Was the Champion of Sif Muna.
             Slain by a jumping spider (4 damage)
             ... on level 2 of the Spider Nest on Dec 29, 2015.
             The game lasted 04:57:16 (55794 turns).

Gorice the Destroyer (Felid Wanderer)              Turns: 55794, Time: 04:57:17

Health: -2/75      AC:  3    Str:  6    XL:     14   Next: 58%
Magic:  25/29      EV: 15    Int: 21    God:    Sif Muna [******]
Gold:   1545       SH:  0    Dex: 20    Spells: 9 memorised, 5 levels left
                                        Lives:  0   Deaths: 3

rFire  + . .     SeeInvis +       - Unarmed
rCold  . . .     Gourm    .     (armour unavailable)
rNeg   + . .     Faith    .     (shield unavailable)
rPois  +         Spirit   .     (helmet unavailable)
rElec  .         Dismiss  .     (cloak unavailable)
rCorr  +         Reflect  .     (gloves unavailable)
SustAt .         Harm     .     (boots unavailable)
MR     ++...                    J - amulet of resist corrosion
Stlth  ++++......               y - ring of fire
                                H - ring of Beufis {rPois rN+ Str-2 Dex+3}

@: held, repel missiles, quick, very resistant to hostile enchantments, stealthy
A: no armour, no weapons or thrown items, claws 1, fangs 3, see invisible,
carnivore 3, speed 1, robust 1, shaggy fur 3, slow metabolism 1, strong 1, sharp
paws
a: Channel Energy, Forget Spell, Renounce Religion


You were on level 2 of the Spider Nest.
You worshipped Sif Muna.
Sif Muna was exalted by your worship.
You were not hungry.

You visited 5 branches of the dungeon, and saw 28 of its levels.
You also visited: Ice Cave and Volcano.

You collected 2436 gold pieces.
You spent 891 gold pieces at shops.

Inventory:

Jewellery
 d - an uncursed ring of magical power
 l - a +2 ring of evasion
 m - an uncursed ring of sustain attributes
 u - an uncursed ring of protection from cold
 y - a ring of fire (right paw)
 H - the ring of Beufis (left paw) {rPois rN+ Str-2 Dex+3}
   (You found it on level 4 of the Lair of Beasts)

   [ring of dexterity]

   It affects your strength (-2).
   It affects your dexterity (+3).
   It protects you from poison.
   It protects you from negative energy.
 J - an amulet of resist corrosion (around neck)
 K - an uncursed ring of teleportation
Wands
 b - a wand of lightning (6/15)
 h - a wand of fire (4/15)
 s - a wand of confusion (7/48)
 w - a wand of cold (7/15)
 A - a wand of draining (8/15)
 D - a wand of digging (6/24)
 G - a wand of teleportation (3/9) {!d}
 U - a wand of confusion (13/48)
Scrolls
 a - 3 scrolls of identify
 e - 7 scrolls of magic mapping {!r}
 j - 7 scrolls of remove curse
 k - 9 scrolls of teleportation {!r}
 x - a scroll of fog
 B - 3 scrolls of fear {!r}
 E - a scroll of amnesia
 M - a scroll of blinking
Potions
 c - 4 potions of curing
 i - 3 potions of cancellation {!q}
 n - 3 potions of might {!q}
 o - 7 potions of agility {!q}
 q - 4 potions of invisibility {!q}
 r - 4 potions of haste {!q}
 v - a potion of heal wounds {!q}
 z - a potion of resistance {!q}
 C - 5 potions of lignification {!q}
 F - 2 potions of magic {!q}
Books
 t - a book of Annihilations
Miscellaneous
 g - a box of beasts
 L - a lantern of shadows
Comestibles
 f - 9 meat rations {!e}
 p - 3 beef jerkies


   Skills:
 - Level 12.0 Fighting
 - Level 12.0 Dodging
 - Level 5.1 Stealth
 - Level 12.0 Unarmed Combat
 + Level 10.9 Spellcasting
 - Level 12.2 Conjurations
 - Level 4.0 Hexes
 - Level 6.6 Charms
 - Level 9.0 Translocations
 - Level 12.1 Fire Magic
 + Level 7.0 Invocations
 + Level 2.1 Evocations


You had 5 spell levels left.
You knew the following spells:

 Your Spells              Type           Power        Failure   Level  Hunger
a - Flame Tongue          Conj/Fire      #####        1%          1    None
b - Throw Flame           Conj/Fire      ######       1%          2    None
c - Conjure Flame         Conj/Fire      #######.     1%          3    None
d - Sticky Flame          Conj/Fire      #######.     1%          4    ##.....
e - Fireball              Conj/Fire      #######...   1%          5    ####...
f - Dazzling Spray        Conj/Hex       #####...     1%          3    None
g - Force Lance           Conj/Tloc      ######..     1%          4    ##.....
M - Repel Missiles        Chrm/Air       ####..       1%          2    None
P - Phase Shift           Tloc           #####.....   4%          5    ####...


Dungeon Overview and Level Annotations

Branches:
Dungeon (15/15)            Temple (1/1) D:4            Lair (8/8) D:8
  Swamp (0/4) Lair:6       Spider (2/4) Lair:4        Slime (0/6) Lair:8
    Orc (2/2) D:11            Elf (0/3) Orc:2        Vaults (0/5) D:13
 Depths (0/5) D:15

Altars:
Ashenzari
Cheibriados
Dithmenos
Elyvilon
Fedhas
Gozag
Kikubaaqudgha
Makhleb
Nemelex Xobeh
Okawaru
Pakellas
Qazlal
Ru
Sif Muna
Trog
Vehumet
Xom
Yredelemnul
Zin
The Shining One
Beogh
Jiyva

Shops:
D:8 *   D:9 *(=   D:10 !   D:12 [   D:13 *   Orc:2 %*![

Annotations:
D:11 2 runed doors
D:15 exclusion: Roxanne, Roxanne


Innate Abilities, Weirdness & Mutations

You cannot wear armour.
You are incapable of wielding weapons or throwing items.
You have sharp claws.
You have razor-sharp teeth.
You have supernaturally acute eyesight.
You are carnivorous and can eat meat at any time.
You cover ground quickly.
Your thick and shaggy fur keeps you warm (AC +3, rC+).
You have a slow metabolism.
Your sharp claws are effective at attacking unaware monsters.
You are robust (+10% HP).
Your muscles are strong. (Str +2)


Message History

Magic restored.
You start resting.
HP restored.
You found a web!
A jumping spider comes into view.
A jumping spider comes into view.
You found a web!
The jumping spider hisses angrily. x2
The jumping spider misses you.
The jumping spider completely misses you.
You scratch the jumping spider. You claw the jumping spider.
The jumping spider is moderately wounded.
The jumping spider leaps!
The jumping spider completely misses you. x2
You barely miss the jumping spider.
The jumping spider is moderately wounded.
The jumping spider completely misses you.
The jumping spider misses you.
You claw the jumping spider!
The jumping spider is heavily wounded.
The jumping spider misses you. The jumping spider closely misses you.
The jumping spider pounces on you!
You are caught in a web!
The jumping spider bites you.
Damage: 20 (max 20)
You struggle to detach yourself from the web.
The jumping spider leaps! x2
You struggle to detach yourself from the web.
You disentangle yourself.
The jumping spider leaps!
Casting: Sticky Flame
Confirm with . or Enter, or press ? or * to list all spells.
Aiming: Sticky Flame
Press: ? - help, Shift-Dir - straight line, f - jumping spider
Aim: a jumping spider You feel a surge of power!
The sticky flame hits the jumping spider.
The jumping spider is moderately wounded.
The jumping spider is covered in liquid flames!
The jumping spider burns!
The jumping spider pounces on you!!
You are caught in a web!
The jumping spider barely misses you. The jumping spider pounces on you!
* * * LOW HITPOINT WARNING * * *
You are even more entangled.
The jumping spider bites you.
* * * LOW HITPOINT WARNING * * *
Damage: 37 (max 37)
You struggle to detach yourself from the web.
The jumping spider burns!
The jumping spider leaps!
The jumping spider pounces on you!
* * * LOW HITPOINT WARNING * * *
The jumping spider bites you.
You die...

##........#..#
..
#...##.......#
#.
##....#####.###
##. #.....# ###
#..###.....#
#s...##...##
#....##..##
#..s#...#
#..^@..##
##^ยง^.##
#^.### ####


You could see 2 jumping spiders.

Vanquished Creatures
  Frances (D:13)
  Maud (Lair:5)
  An orc warlord (Orc:2)
  A stone giant (Orc:1)
  A yaktaur captain (D:13)
  An ice dragon (Lair:6)
  Erolcha (Orc:1)
  9 hydras
  4 centaur warriors
  A catoblepas (Lair:6)
  3 tengu warriors
  4 death yaks (Lair:5)
  Urug (Orc:1)
  4 orc high priests (Orc:2)
  A fire crab (Lair:8)
  2 skeletal warriors (D:15)
  9 unseen horrors
  A flayed ghost (D:15)
  3 hill giants
  2 necromancers
  The ghost of Duffy the Fighter, a novice DrEE of Cheibriados (D:5)
  2 deep elf magi (D:14)
  A lindwurm (Lair:8)
  5 orb spiders
  6 orc knights
  9 wolf spiders
  2 griffons
  4 orc sorcerers (Orc:2)
  A stone giant zombie (D:15)
  10 ugly things
  27 elephants
  A manticore (D:13)
  7 black mambas
  An ice statue (IceCv)
  4 cyclopes
  2 gargoyles
  Joseph (Lair:1)
  2 torpor snails
  2 yaktaurs (D:13)
  2 centaur zombies
  5 centaur skeletons
  25 spiny frogs
  2 kobold demonologists (D:12)
  10 komodo dragons
  An efreet (Volcano)
  10 freezing wraiths (IceCv)
  2 tengu conjurers
  A demonic crawler (Spider:1)
  6 fire drakes
  9 jumping spiders
  9 trolls
  22 blink frogs
  A hornet zombie (D:15)
  4 giant leeches
  2 polar bears
  2 wolf spider simulacra (IceCv)
  A two-headed ogre (shapeshifter) (D:14)
  5 two-headed ogres
  A boulder beetle (Spider:2)
  A slime creature (Lair:8)
  3 shadows
  An elf skeleton (D:15)
  7 tarantellas
  17 redbacks
  Sigmund (D:6)
  6 wyverns
  A fire dragon skeleton (D:15)
  5 trapdoor spiders
  A wraith (D:13)
  Eustachio (D:6)
  61 yaks
  5 basilisks
  A steam dragon (Lair:3)
  3 fire elementals (Volcano)
  4 hungry ghosts
  17 hippogriffs
  10 wolves
  A mottled dragon (D:14)
  2 soldier ants
  A swamp worm (Lair:6)
  18 vampire mosquitoes
  18 water moccasins
  Duvessa (D:7)
  6 sky beasts
  A black bear (D:5)
  An eye of draining (D:14)
  9 ice beasts
  An alligator simulacrum (IceCv)
  14 porcupines
  A phantom (D:7)
  16 ogres
  A wasp (D:9)
  49 orc warriors
  9 centaurs
  27 crocodiles
  Blork the orc (D:6)
  19 big kobolds
  A wyvern zombie (D:12)
  42 giant frogs
  2 gnoll sergeants
  2 wyvern skeletons
  14 jellies
  Dowan (D:7)
  2 scorpions
  12 killer bees
  A tengu skeleton (D:15)
  22 wights
  6 draconian simulacra (IceCv)
  12 hounds
  10 electric eels
  6 giant frog zombies
  5 crimson imps
  3 giant frog skeletons
  34 orc priests
  18 orc wizards
  2 gnoll shamans
  2 wasp zombies
  A hell rat (D:8)
  7 iguanas
  8 worker ants
  A polar bear simulacrum (IceCv)
  3 sheep (D:15)
  6 troll simulacra (IceCv)
  A hound zombie (D:7)
  2 centaur simulacra (IceCv)
  2 hound skeletons
  4 naga simulacra (IceCv)
  A worker ant zombie (D:10)
  14 adders
  15 gnolls
  73 river rats
  3 shadow imps
  2 ogre simulacra (IceCv)
  12 white imps (IceCv)
  7 oozes
  3 worms
  9 giant geckos
  123 orcs
  9 bats
  A bat zombie (D:4)
  11 giant cockroaches
  10 hobgoblins
  36 kobolds
  4 quokkas
  3 ball pythons
  6 giant newts
  11 goblins
  A quokka skeleton (D:5)
  5 rats
  A rat zombie (D:4)
  A fungus (Lair:8)
  A plant (Lair:8)
1194 creatures vanquished.

Vanquished Creatures (others)
  A redback (Spider:1)
  5 sheep (Lair:5)
  4 river rats (Lair:8)
  86 fungi
  46 plants
  A withered plant (D:15)
143 creatures vanquished.

Grand Total: 1337 creatures vanquished

Notes
Turn   | Place    | Note
--------------------------------------------------------------
     0 | D:1      | Gorice the Felid Wanderer began the quest for the Orb.
     0 | D:1      | Gorice set off with: a scroll of fear {!r}, a potion of haste {!q}, a potion of curing, a potion of lignification {!q}, a meat ration {!e}
     0 | D:1      | Reached XP level 1. HP: 11/11 MP: 2/2
   519 | D:1      | Reached skill level 2 in Stealth
   728 | D:1      | Reached XP level 2. HP: 13/15 MP: 3/3
  1401 | D:2      | HP: 2/15 [kobold/short sword (5)]
  2083 | D:2      | HP: 2/15 [worm (6)]
  2425 | D:2      | HP: 4/15 [bat (1)]
  2665 | D:2      | Reached XP level 3. HP: 14/18 MP: 4/4
  2783 | D:2      | HP: 3/18 [kobold/short sword (6)]
  3219 | D:2      | Reached skill level 3 in Stealth
  3230 | D:2      | HP: 5/18 [poisoned by an adder]
  3769 | D:2      | HP: 2/18 [worm (8)]
  4230 | D:3      | You fall through a shaft for 2 floors!
  4230 | D:5      | Entered Level 5 of the Dungeon
  4241 | D:5      | Noticed Duffy's ghost (novice DrEE)
  4263 | D:4      | Reached XP level 4. HP: 22/22 MP: 5/5
  4606 | D:3      | Reached skill level 4 in Stealth
  4725 | D:3      | Reached skill level 5 in Unarmed Combat
  5411 | D:4      | Found an ancient bone altar of Kikubaaqudgha.
  5519 | D:4      | Found a staircase to the Ecumenical Temple.
  5601 | D:4      | Found a bloodstained altar of Trog.
  5721 | D:4      | Reached XP level 5. HP: 13/25 MP: 6/6
  5728 | D:4      | HP: 7/25 [gnoll/spear (7)]
  5730 | D:4      | HP: 2/25 [gnoll/spear (5)]
  5994 | Temple   | Entered the Ecumenical Temple
  6301 | D:3      | Reached skill level 5 in Stealth
  6655 | D:4      | Reached skill level 1 in Dodging
  7028 | D:5      | Noticed a centaur
  7111 | D:5      | Noticed a black bear
  7223 | D:6      | Noticed a sky beast
  7235 | D:6      | Gained mutation: You are covered in thick fur (AC +2). [Felid growth]
  7235 | D:6      | Reached XP level 6. HP: 29/29 MP: 7/7
  7337 | D:6      | Noticed Blork the orc
  7451 | D:6      | Noticed Sigmund
  7459 | D:6      | Killed Sigmund
  7459 | D:6      | Reached skill level 5 in Fighting
  7459 | D:6      | Reached skill level 2 in Dodging
  7459 | D:6      | Reached skill level 6 in Unarmed Combat
  7462 | D:6      | Reached XP level 7. HP: 25/33 MP: 8/8
  7498 | D:6      | Reached skill level 3 in Dodging
  7623 | D:6      | Reached skill level 7 in Unarmed Combat
  7753 | D:6      | Killed Blork the orc
  7753 | D:6      | Reached skill level 4 in Dodging
  8061 | D:6      | Noticed Eustachio
  8275 | D:5      | Killed Duffy's ghost
  8275 | D:5      | Reached skill level 6 in Fighting
  8275 | D:5      | Reached skill level 5 in Dodging
  8275 | D:5      | Reached skill level 8 in Unarmed Combat
  8275 | D:5      | Reached XP level 8. HP: 38/38 MP: 9/9
  8942 | D:5      | Reached skill level 6 in Dodging
  9113 | D:5      | Reached skill level 9 in Unarmed Combat
  9611 | D:5      | Reached XP level 9. HP: 42/42 MP: 10/10
  9876 | D:5      | Reached skill level 7 in Fighting
 10672 | D:6      | Reached skill level 7 in Dodging
 11647 | D:7      | Reached skill level 10 in Unarmed Combat
 11843 | D:7      | Noticed Duvessa
 11843 | D:7      | Noticed Dowan
 12082 | D:7      | Killed Dowan
 12528 | D:7      | Reached skill level 8 in Fighting
 12528 | D:7      | Reached skill level 8 in Dodging
 12661 | D:7      | Killed Duvessa
 12752 | D:8      | Found an oddly glowing altar of Pakellas.
 12796 | D:8      | Found a staircase to the Lair.
 12798 | D:8      | Noticed a komodo dragon
 12812 | D:8      | HP: 13/44 [hell rat (6)]
 13712 | D:8      | Found Dafihicu's General Store.
 13734 | D:8      | Bought a scroll of identify for 24 gold pieces
 13734 | D:8      | Bought a wand of cold (6/15) for 240 gold pieces
 13758 | D:8      | Noticed a komodo dragon
 13769 | D:8      | Killed a komodo dragon
 13769 | D:8      | Reached XP level 10. HP: 49/49 MP: 11/11
 14352 | D:8      | Reached skill level 9 in Dodging
 14392 | D:8      | Reached skill level 9 in Fighting
 14668 | Lair:1   | Entered Level 1 of the Lair of Beasts
 14673 | Lair:1   | Noticed a black mamba
 14693 | Lair:1   | Killed a black mamba
 14738 | Lair:1   | Found a basalt altar of Yredelemnul.
 14851 | Lair:1   | HP: 15/50 [poisoned by a spiny frog]
 14856 | Lair:1   | HP: 14/50 [poisoned by a spiny frog]
 14863 | Lair:1   | HP: 13/50 [poisoned by a spiny frog]
 14871 | Lair:1   | HP: 12/50 [poisoned by a spiny frog]
 15179 | Lair:1   | Gained mutation: Your muscles are strong. (Str +2) [potion of beneficial mutation]
 15180 | Lair:1   | Gained mutation: You are robust (+10% HP). [potion of beneficial mutation]
 15399 | Lair:1   | Reached skill level 10 in Fighting
 15654 | Lair:1   | Reached skill level 10 in Dodging
 15654 | Lair:1   | Reached skill level 11 in Unarmed Combat
 15655 | Lair:1   | Upgraded the game from 0.18-a0-943-g2c08dd4 to 0.18-a0-946-g3ac5b32
 16090 | Lair:1   | Noticed Joseph
 16117 | Lair:1   | Killed Joseph
 16318 | Lair:1   | Reached XP level 11. HP: 34/60 MP: 12/12
 16693 | Lair:2   | Found a dark tunnel.
 16704 | Volcano  | Entered a volcano
 16709 | Volcano  | Reached skill level 11 in Fighting
 16826 | Volcano  | HP: 16/60 [fire elemental (12)]
 17092 | Lair:2   | Reached skill level 11 in Dodging
 17361 | Lair:2   | HP: 18/60 [poisoned by a black mamba]
 17816 | Lair:2   | Learned a level 1 spell: Flame Tongue
 18381 | Lair:2   | Reached skill level 12 in Fighting
 18561 | Temple   | Became a worshipper of Sif Muna the Loreminder
 18996 | Lair:3   | Reached skill level 12 in Unarmed Combat
 18996 | Lair:3   | Reached skill level 1 in Fire Magic
 19001 | Lair:3   | Reached skill level 1 in Conjurations
 19019 | Lair:3   | Reached skill level 1 in Spellcasting
 19284 | Lair:3   | Noticed a five-headed hydra
 19331 | Lair:3   | Reached skill level 2 in Conjurations
 19757 | Lair:3   | Reached skill level 12 in Dodging
 19811 | Lair:3   | Reached * piety under Sif Muna
 19811 | Lair:3   | Reached skill level 2 in Fire Magic
 19821 | Lair:3   | Gained mutation: Your thick and shaggy fur keeps you warm (AC +3, rC+). [Felid growth]
 19821 | Lair:3   | Reached XP level 12. HP: 41/67 MP: 13/15
 19945 | Lair:3   | Reached skill level 2 in Spellcasting
 19945 | Lair:3   | Reached skill level 3 in Conjurations
 20356 | Lair:3   | Reached skill level 3 in Fire Magic
 20506 | Lair:3   | Reached skill level 4 in Conjurations
 20570 | Lair:3   | Reached ** piety under Sif Muna
 20759 | Lair:3   | Learned a level 2 spell: Throw Flame
 20763 | Lair:3   | Learned a level 3 spell: Conjure Flame
 20849 | Lair:3   | Reached skill level 4 in Fire Magic
 21093 | Lair:3   | Reached skill level 3 in Spellcasting
 21146 | Lair:3   | Reached skill level 5 in Conjurations
 21279 | Lair:3   | Killed a five-headed hydra
 21279 | Lair:3   | Reached *** piety under Sif Muna
 21375 | Lair:3   | Reached skill level 5 in Fire Magic
 21722 | Lair:3   | Learned a level 4 spell: Sticky Flame
 21983 | Lair:4   | Reached skill level 6 in Conjurations
 22129 | Lair:4   | Reached skill level 4 in Spellcasting
 22132 | Lair:4   | Reached skill level 6 in Fire Magic
 22145 | Lair:4   | Reached **** piety under Sif Muna
 22319 | Lair:4   | --Gah: armour of the dragon king and I'm a felid!
 22451 | Lair:4   | HP: 18/67 [blink frog (18)]
 22709 | Lair:4   | Found a hole to the Spider Nest.
 22873 | Lair:4   | Got a fine marble ring
 22875 | Lair:4   | Identified the ring of Beufis {rPois rN+ Str-2 Dex+3} (You found it on level 4 of the Lair of Beasts)
 23653 | Lair:5   | Reached XP level 13. HP: 67/70 MP: 20/20
 23870 | Lair:5   | Reached ***** piety under Sif Muna
 23870 | Lair:5   | Reached skill level 7 in Conjurations
 23870 | Lair:5   | Reached skill level 7 in Fire Magic
 24332 | Lair:5   | Noticed Maud
 24506 | Lair:5   | Reached skill level 5 in Spellcasting
 24592 | Lair:5   | Found a shimmering altar of Xom.
 24595 | Lair:5   | HP: 12/70 [sheep/exploding inner flame (22)]
 24862 | Lair:5   | HP: 12/70 [Maud/halberd of protection (20)]
 24863 | Lair:5   | Demolished by Maud
 24864 | Lair:5   | Reached XP level 12. HP: -14/67 MP: 5/20
 24864 | Lair:5   | Killed Maud
 25115 | Lair:5   | Reached skill level 8 in Fire Magic
 25214 | Lair:5   | Learned a level 5 spell: Fireball
 25489 | Lair:5   | Reached skill level 8 in Conjurations
 25948 | Lair:6   | Found a staircase to the Swamp.
 25985 | Lair:6   | Noticed an ice dragon
 25986 | Lair:6   | Found a frozen archway.
 26040 | Lair:6   | Killed an ice dragon
 26040 | Lair:6   | Reached ****** piety under Sif Muna
 26098 | IceCv    | Entered an ice cave
 26105 | IceCv    | Received a gift from Sif Muna
 26106 | IceCv    | Identified Tiwudas's Collected Works on Attacks and Envenoming (Sif Muna gifted it to you in an ice cave)
 27091 | IceCv    | Found an ancient bone altar of Kikubaaqudgha.
 27471 | IceCv    | Reached skill level 9 in Fire Magic
 27471 | IceCv    | Reached XP level 13. HP: 70/70 MP: 2/22
 28000 | IceCv    | Reached skill level 6 in Spellcasting
 28858 | Lair:6   | Got a crude pewter ring
 28860 | Lair:6   | Identified the ring of False Pretenses {Wiz *Corrode Str-3 Int+8 SInv} (You found it on level 6 of the Lair of Beasts)
 29191 | Lair:6   | Reached skill level 9 in Conjurations
 31912 | Lair:5   | Received a gift from Sif Muna
 31918 | Lair:5   | Learned a level 3 spell: Dazzling Spray
 32091 | Lair:8   | Entered Level 8 of the Lair of Beasts
 32465 | Lair:8   | Reached skill level 1 in Hexes
 32465 | Lair:8   | Reached skill level 10 in Fire Magic
 32822 | Lair:8   | Reached skill level 2 in Hexes
 33109 | Lair:7   | Reached skill level 3 in Hexes
 33461 | Lair:8   | Reached skill level 7 in Spellcasting
 33773 | Lair:7   | Reached skill level 10 in Conjurations
 34196 | Lair:8   | Reached skill level 4 in Hexes
 34340 | Lair:8   | Reached XP level 14. HP: 75/75 MP: 1/25
 34472 | Lair:8   | Found a viscous altar of Jiyva.
 34472 | Lair:8   | Found a staircase to the Slime Pits.
 35745 | Lair:8   | HP: 22/75 [eight-headed hydra (13)]
 35745 | Lair:8   | HP: 7/75 [eight-headed hydra (15)]
 35746 | Lair:8   | Reached skill level 11 in Fire Magic
 35799 | Lair:8   | HP: 16/75 [basilisk (2)]
 35804 | Lair:8   | HP: 10/75 [basilisk (7)]
 36311 | Lair:5   | Received a gift from Sif Muna
 36312 | Lair:5   | Identified Jicentus's Papyrus of Conjuration and the Birds (Sif Muna gifted it to you on level 5 of the Lair of Beasts)
 36791 | D:6      | Killed Eustachio
 37039 | D:9      | Found Ycunneat's Weapon Shoppe.
 37050 | D:8      | HP: 20/75 [wyvern (14)]
 37429 | D:9      | Found Noguijan's General Store.
 37658 | D:9      | Found Qityb's Jewellery Shop.
 37871 | D:9      | Found a glowing silver altar of Zin.
 38144 | D:10     | Entered Level 10 of the Dungeon
 38158 | D:10     | Found Vuhaw's Distillery.
 38270 | D:10     | Bought a potion of haste for 150 gold pieces
 38270 | D:10     | Bought a potion of mutation for 37 gold pieces
 38270 | D:10     | Bought a potion of invisibility for 120 gold pieces
 38270 | D:10     | Bought a potion of degeneration for 15 gold pieces
 38887 | D:11     | HP: 21/75 [centaur warrior/uncursed war axe (9)]
 38888 | D:11     | Reached skill level 11 in Conjurations
 39334 | D:11     | Found a staircase to the Orcish Mines.
 39336 | D:11     | Found a large runed door.
 39455 | D:11     | Found a large runed door.
 39467 | D:11     | Found a large runed door.
 39467 | D:11     | Found a large runed door.
 39483 | D:11     | Reached skill level 8 in Spellcasting
 40498 | D:11     | Identified the Compendium of the Compass and Protection
 40663 | Orc:1    | Entered Level 1 of the Orcish Mines
 40832 | Orc:1    | Noticed Urug
 40844 | Orc:1    | Found a roughly hewn altar of Beogh.
 40893 | Orc:1    | Noticed Erolcha
 40905 | Orc:1    | Killed Erolcha
 41070 | Orc:1    | Killed Urug
 41226 | Orc:1    | Found an iron altar of Okawaru.
 41356 | Orc:1    | HP: 16/75 [stone giant (42)]
 41726 | Orc:2    | Entered Level 2 of the Orcish Mines
 41747 | Orc:1    | HP: 22/75 [orc warrior/tomahawk (15)]
 43563 | Orc:2    | Reached XP level 15. HP: 65/79 MP: 19/28
 43688 | Orc:2    | Found a staircase to the Elven Halls.
 44350 | Orc:2    | Reached skill level 12 in Conjurations
 44350 | Orc:2    | Reached skill level 12 in Fire Magic
 44553 | Orc:2    | Received a gift from Sif Muna
 44554 | Orc:2    | Identified Sif Muna's Incunabulum of Creative Attacks (Sif Muna gifted it to you on level 2 of the Orcish Mines)
 45010 | Orc:2    | Reached skill level 1 in Invocations
 45059 | Orc:2    | Found Jesicw's Assorted Antiques.
 45146 | Orc:2    | Bought a potion of heal wounds for 165 gold pieces
 45166 | Orc:2    | Found Kaolaxtu's Food Shop.
 45215 | Orc:2    | Found a roughly hewn altar of Beogh.
 45225 | Orc:2    | Reached skill level 9 in Spellcasting
 45343 | Orc:2    | Found a roughly hewn altar of Beogh.
 45385 | Orc:2    | Reached skill level 2 in Invocations
 45457 | Orc:2    | Found Pemoable's Armour Boutique.
 45471 | Orc:2    | Found Icze's Distillery.
 45484 | Orc:2    | Bought a potion of heal wounds for 70 gold pieces
 45484 | Orc:2    | Bought a potion of flight for 42 gold pieces
 45510 | Orc:2    | Learned a level 2 spell: Repel Missiles
 45690 | Lair:1   | Learned a level 4 spell: Force Lance
 45962 | D:11     | Reached skill level 1 in Translocations
 46268 | D:12     | Reached skill level 1 in Charms
 46402 | D:12     | Found Sirousk's Armour Emporium.
 46731 | D:12     | Reached skill level 3 in Invocations
 46876 | D:12     | Reached skill level 2 in Translocations
 47062 | D:13     | Reached skill level 2 in Charms
 47271 | D:13     | Reached skill level 3 in Translocations
 47647 | D:13     | Found a gate to the Vaults.
 47728 | D:13     | Reached skill level 3 in Charms
 47867 | D:13     | Found Engy's General Store.
 47891 | D:13     | Noticed Frances
 47903 | D:13     | Killed Frances
 47903 | D:13     | Reached skill level 4 in Translocations
 47903 | D:13     | Reached skill level 4 in Invocations
 49286 | D:14     | Reached skill level 5 in Translocations
 49494 | D:15     | Entered Level 15 of the Dungeon
 49496 | D:15     | Noticed Roxanne
 49631 | D:14     | Reached skill level 4 in Charms
 49863 | D:15     | Reached skill level 10 in Spellcasting
 49869 | D:15     | Reached skill level 5 in Invocations
 49874 | D:15     | Received a gift from Sif Muna
 49875 | D:15     | Identified Qihath's Compendium of Attacks (Sif Muna gifted it to you on level 15 of the Dungeon)
 49879 | D:15     | Reached skill level 6 in Translocations
 50081 | D:15     | Reached skill level 5 in Charms
 50484 | D:15     | Found a staircase to the Depths.
 50585 | D:15     | Reached XP level 16. HP: 83/83 MP: 10/31
 50967 | D:15     | Reached skill level 7 in Translocations
 51380 | D:9      | Bought a scroll of identify for 28 gold pieces
 51882 | Lair:1   | Learned a level 5 spell: Phase Shift
 52072 | Lair:6   | Reached skill level 6 in Invocations
 52526 | Lair:3   | Reached skill level 6 in Charms
 52770 | Spider:1 | Entered Level 1 of the Spider Nest
 52889 | Spider:1 | Reached skill level 8 in Translocations
 53763 | Spider:1 | HP: 12/83 [jumping spider (17)]
 53764 | Spider:1 | HP: 5/83 [redback (2)]
 53776 | Spider:1 | Blown up by an orb spider
 53777 | Spider:1 | Reached XP level 15. HP: -28/118 MP: 2/30
 54118 | Spider:1 | HP: 15/79 [jumping spider (14)]
 54119 | Spider:1 | Slain by a redback
 54120 | Spider:1 | Reached XP level 14. HP: -1/75 MP: 23/29
 54518 | Spider:2 | Reached skill level 9 in Translocations
 55036 | Spider:2 | HP: 22/75 [wolf spider (3)]
 55037 | Spider:2 | HP: 7/75 [wolf spider (5)]
 55595 | Spider:2 | Reached skill level 7 in Invocations
 55595 | Spider:2 | Reached skill level 2 in Evocations
 55793 | Spider:2 | HP: 21/75 [jumping spider (17)]
 55794 | Spider:2 | HP: 2/75 [jumping spider (17)]
 55794 | Spider:2 | Slain by a jumping spider

Vault maps used:
D:1:      minmay_arrival_hallway, serial_co_window_serial, co_window_corner_a,
          co_window_paths_b, co_window_paths_b, co_window_of_opportunity_a,
          co_window_of_opportunity_a, co_window_of_opportunity_b,
          co_window_corner_cb, co_window_unsneaky_path_e, co_window_corner_ca,
          co_window_2corner, co_window_corner_b, co_window_broadway_b,
          co_window_paths_e, hex_intersection, corexii_leaking_fountain,
          hex_tiny
D:3:      first_bread
D:4:      lemuel_zombie_altar_kikubaaqudgha, lightli_temple_of_fire,
          temple_doors_e, minmay_cupped
D:6:      serial_bayou_pond_c, uniq_sigmund, uniq_blork_the_orc, uniq_eustachio
D:7:      uniq_duvessa
D:8:      nicolae_overflow_hidden_temple, dpeg_lair_monsters, serial_shops,
          shop, enter_bailey_8
D:9:      kennysheep_mini, serial_shops, nicolae_shop_window_shopping, shop,
          shop
D:10:     serial_shops, shop, hangedman_little_slice_of_home
D:11:     orc_0_dummy, special_room, minmay_hollow_rounded_squares
D:12:     serial_shops, nicolae_shop_waterfront
D:13:     david_vaults_2, serial_shops, nicolae_shop_stone, uniq_frances
D:14:     grunt_decor_clamped
D:15:     gammafunk_depths_entry_grave, hangedman_decor_push,
          nrook_mini_backslash, due_unseen_surprise, uniq_roxanne
Temple:   nicolae_temple_x_marks_the_god_16
Lair:1:   basic_altar, uniq_joseph
Lair:2:   enter_volcano_2
Lair:3:   mu_elephants_graveyard
Lair:4:   spider_nest_entry_web_field
Lair:5:   kb_xom_exploding_sheep, uniq_maud
Lair:6:   statuecave_lemuel, minmay_swamp_entry_worms,
          portal_ice_cave_entry_dragon, wad_woods_river_02,
          nicolae_quartered_pool_little
Lair:8:   minmay_lair_end_frog_pond, slime_altar_1,
          grunt_forest_large_clearings, infiniplex_staircase_pool
Spider:2: uniq_arachne, uniq_aizul, uniq_jorgrun
Orc:1:    basic_altar, okawaru_metal_pillars_3, uniq_erolcha, uniq_urug
Orc:2:    pubby_orc_utopia
IceCv:    ice_cave_small_necro
Volcano:  volcano_overflow

Action                   |  1- 3 |  4- 6 |  7- 9 | 10-12 | 13-15 | 16-18 || total
-------------------------+-------+-------+-------+-------+-------+-------++-------
Melee: Unarmed           |   151 |   137 |   314 |   815 |  1301 |   148 ||  2866
 Cast: Flame Tongue      |       |       |       |   133 |   195 |     5 ||   333
       Conjure Flame     |       |       |       |    55 |   182 |     8 ||   245
       Throw Flame       |       |       |       |    34 |   125 |     5 ||   164
       Sticky Flame      |       |       |       |    26 |   307 |    41 ||   374
       Fireball          |       |       |       |       |    66 |     8 ||    74
       Dazzling Spray    |       |       |       |       |    52 |     5 ||    57
       Force Lance       |       |       |       |       |    26 |    12 ||    38
       Repel Missiles    |       |       |       |       |     3 |       ||     3
Invok: Channel Energy    |       |       |       |    26 |   278 |    25 ||   329
Evoke: Wand              |       |     1 |    43 |    25 |    10 |     2 ||    81
  Use: Scroll            |     6 |     5 |     3 |    15 |    12 |     2 ||    43
       Potion            |       |     2 |     2 |     3 |     1 |     4 ||    12
 Stab: Sleeping          |     3 |     8 |    10 |    22 |    70 |     5 ||   118
       Confused          |       |     1 |     3 |     6 |       |       ||    10
       Distracted        |       |       |     1 |     2 |     8 |       ||    11
       Invisible         |       |       |       |       |     5 |       ||     5
       Petrified         |       |       |       |       |       |     1 ||     1
  Eat: Chunk             |    14 |     5 |    13 |    37 |   133 |    14 ||   216
       Meat ration       |       |       |       |       |     1 |       ||     1

Table legend:
 A = Turns spent in this place as a percentage of turns spent in the entire game.
 B = Non-inter-level travel turns spent in this place as a percentage of non-inter-level travel turns spent in the entire game.
 C = Inter-level travel turns spent in this place as a percentage of turns spent in this place.
 D = Turns resting spent in this place as a percentage of non-inter-level travel turns spent in this place.
 E = Turns spent auto-exploring this place as a percentage of non-inter-level travel turns spent in this place.
 F = Non-inter-level travel turns spent in this place divided by the number of levels of this place that you've seen.
                   A       B       C       D       E      F
               +-------+-------+-------+-------+-------+----------------------
         Total | 100.0 | 100.0 |   0.4 |   4.4 |   2.3 | 684.1
       Dungeon |  41.2 |  41.1 |   0.6 |   3.5 |   3.3 | 563.0
        Temple |   0.3 |   0.3 |   1.5 |   0.0 |   0.0 |  64.0
          Lair |  36.7 |  36.7 |   0.4 |   4.8 |   1.8 | 942.6
   Spider Nest |   3.2 |   3.2 |   0.3 |   8.2 |   5.7 | 324.5
  Orcish Mines |  13.4 |  13.4 |   0.1 |   4.2 |   0.4 | 1375.0
      Ice Cave |   4.2 |   4.3 |   0.0 |   9.0 |   0.2 | 874.0
       Volcano |   1.0 |   1.0 |   0.0 |   0.0 |   0.0 | 201.0
               +-------+-------+-------+-------+-------+----------------------

Vault maps used:
D:1:      minmay_arrival_hallway, serial_co_window_serial, co_window_corner_a,
          co_window_paths_b, co_window_paths_b, co_window_of_opportunity_a,
          co_window_of_opportunity_a, co_window_of_opportunity_b,
          co_window_corner_cb, co_window_unsneaky_path_e, co_window_corner_ca,
          co_window_2corner, co_window_corner_b, co_window_broadway_b,
          co_window_paths_e, hex_intersection, corexii_leaking_fountain,
          hex_tiny
D:3:      first_bread
D:4:      lemuel_zombie_altar_kikubaaqudgha, lightli_temple_of_fire,
          temple_doors_e, minmay_cupped
D:6:      serial_bayou_pond_c, uniq_sigmund, uniq_blork_the_orc, uniq_eustachio
D:7:      uniq_duvessa
D:8:      nicolae_overflow_hidden_temple, dpeg_lair_monsters, serial_shops,
          shop, enter_bailey_8
D:9:      kennysheep_mini, serial_shops, nicolae_shop_window_shopping, shop,
          shop
D:10:     serial_shops, shop, hangedman_little_slice_of_home
D:11:     orc_0_dummy, special_room, minmay_hollow_rounded_squares
D:12:     serial_shops, nicolae_shop_waterfront
D:13:     david_vaults_2, serial_shops, nicolae_shop_stone, uniq_frances
D:14:     grunt_decor_clamped
D:15:     gammafunk_depths_entry_grave, hangedman_decor_push,
          nrook_mini_backslash, due_unseen_surprise, uniq_roxanne
Temple:   nicolae_temple_x_marks_the_god_16
Lair:1:   basic_altar, uniq_joseph
Lair:2:   enter_volcano_2
Lair:3:   mu_elephants_graveyard
Lair:4:   spider_nest_entry_web_field
Lair:5:   kb_xom_exploding_sheep, uniq_maud
Lair:6:   statuecave_lemuel, minmay_swamp_entry_worms,
          portal_ice_cave_entry_dragon, wad_woods_river_02,
          nicolae_quartered_pool_little
Lair:8:   minmay_lair_end_frog_pond, slime_altar_1,
          grunt_forest_large_clearings, infiniplex_staircase_pool
Spider:2: uniq_arachne, uniq_aizul, uniq_jorgrun
Orc:1:    basic_altar, okawaru_metal_pillars_3, uniq_erolcha, uniq_urug
Orc:2:    pubby_orc_utopia
IceCv:    ice_cave_small_necro
Volcano:  volcano_overflow
